[Event "98th Caplin Hastings Masters 2024-25"]
[Site "Hastings"]
[Date "2025.01.02"]
[Round "8.12"]
[White "Saunders, Aron"]
[Black "Boyer, Mahel"]
[Result "1/2-1/2"]
[ECO "C55"]
[WhiteElo "2106"]
[BlackElo "2526"]
[Annotator "TA"]
[PlyCount "162"]
[EventDate "2024.12.23"]
[EventType "swiss"]
[EventCountry "ENG"]
[SourceTitle "playchess.com"]
[Source "ChessBase"]
[SourceQuality "1"]
[TimeControl "5400+30"]

1. e4 Nc6 2. Nf3 e5 3. Bc4 d6 4. O-O Be7 5. c3 Nf6 6. d3 O-O 7. a4 b6 8. Nbd2 Bb7 9. Re1 Qd7 10. Nf1 Rae8 11. Ne3 Bd8 12. b4 Ne7 13. Qb3 c6 14. b5 Bc7 15. bxc6 Bxc6 16. Bb5 Nh5 ({Black should play} 16... a6 $14 17. Bxc6 (17. Bxa6 Ra8 $14) 17... Nxc6) 17. d4 a6 18. Bxc6 Qxc6 19. dxe5 dxe5 20. Ba3 Bd6 21. Bxd6 Qxd6 22. Rad1 Qc5 23. Nc4 Ng6 24. Qb4 Qxb4 25. cxb4 Re6 26. Rd7 Rc8 (26... b5 $11 27. axb5 axb5) 27. Nd6 $16 Nf6 28. Nxc8 (28. Rxf7 $2 {is the wrong capture.} Rxd6 29. Ra7 Nf4 30. Nxe5 Re8 $19) 28... Nxd7 29. Rc1 h6 30. g3 Nf6 31. Nd2 Ne7 (31... b5 $142) 32. f3 Kf8 33. Kf2 (33. Nxe7 $16 Kxe7 34. Rc7+ Nd7 35. Nc4) 33... Nc6 (33... Ne8 $11 {keeps the balance.}) 34. Nxb6 $16 Nxb4 35. Rc8+ Re8 {[%emt 0:03:22] [#]} 36. Rc7 $1 Re7 37. Rc4 a5 38. Rc8+ (38. Ke2 $142) 38... Re8 $16 39. Rxe8+ Kxe8 40. Nbc4 (40. Ke2 $16) 40... Nd7 $1 $11 41. Nb3 f6 $1 42. Ncxa5 Nd3+ $1 43. Ke3 Nb2 44. Nc6 Nxa4 45. Nd2 Ndb6 46. Na5 Nb2 47. Nab3 Kd7 48. Nc5+ Kd6 49. Ncb3 N6a4 50. Nb1 Kc6 51. Na3 Nb6 52. Kd2 N2a4 53. Kd3 g6 54. Ke3 Nb2 55. g4 Nd1+ 56. Ke2 Nc3+ 57. Kd3 Na2 58. Ke3 Nb4 59. Na5+ Kc5 60. Nb3+ Kd6 61. Nb5+ Kc6 62. Na7+ Kd7 63. Nb5 Nc4+ 64. Ke2 Kc6 65. Nc3 Kd6 66. Nb5+ Ke7 67. Nc5 Nc6 68. Kd3 Nb6 69. Kc3 h5 70. gxh5 gxh5 71. Kd3 Nd8 72. Ke3 Nc4+ 73. Kd3 Nd6 74. Nc3 Nc6 75. Nd5+ Kf7 76. f4 Kg6 77. Ke3 Nc4+ 78. Kd3 Nd6 79. Ke3 Nc4+ 80. Kd3 Nd6 81. Ke3 Nc4+ 1/2-1/2

[Event "98th Caplin Hastings Masters 2024-25"]
[Site "Hastings"]
[Date "2025.01.02"]
[Round "8.13"]
[White "Siva Mahadevan"]
[Black "Cheng, Louis"]
[Result "1-0"]
[ECO "A07"]
[WhiteElo "2349"]
[BlackElo "2087"]
[Annotator "TA"]
[PlyCount "139"]
[EventDate "2024.12.23"]
[EventType "swiss"]
[EventCountry "ENG"]
[SourceTitle "playchess.com"]
[Source "ChessBase"]
[SourceQuality "1"]
[TimeControl "5400+30"]

1. Nf3 Nf6 2. g3 d5 3. Bg2 g6 4. O-O Bg7 5. d3 O-O 6. Nbd2 d4 7. e4 dxe3 8. fxe3 c5 9. Qe2 Nc6 10. Nc4 Qc7 11. e4 e5 12. Bg5 Bg4 13. c3 h6 14. Bxf6 Bxf6 15. Ne3 Be6 16. Nd5 Bxd5 17. exd5 Ne7 18. Nd2 Bg7 19. Nc4 Nc8 20. g4 Nd6 21. Be4 Rad8 22. Rf3 Qe7 23. Raf1 Nxc4 24. dxc4 Qh4 25. Rg3 Qg5 26. Qf2 Qf4 27. Qg2 Qg5 28. h4 Qxh4 29. g5 h5 30. Bd3 b5 31. Be2 f5 32. gxf6 Rxf6 33. Rxg6 Rxg6 34. Qxg6 Rf8 35. Qe6+ Kh7 36. Bd3+ Kh8 37. Rxf8+ (37. cxb5 $2 Bf6 (37... Qg3+ 38. Kh1 $15) 38. Rxf6 Qg5+ (38... Qxf6 39. Qxf6+ Rxf6 40. a4 $17) (38... Rxf6 39. Qxe5 Qf2+ 40. Kh1 $17) 39. Kh1 Qxf6 (39... Rxf6 40. Qe8+ Kg7 41. Qe7+ Kg8 42. Qd8+ Kf7 43. Qd7+ Kf8 44. Qd8+ Kf7 45. Qc7+ Kf8 46. Qd8+ Kf7 $11) 40. Qxf6+ Rxf6 $17) 37... Bxf8 38. Qxe5+ (38. cxb5 Qg3+ 39. Kh1 Qxd3 $15) 38... Kg8 39. Qe6+ Kh8 40. Qe5+ (40. cxb5 Qg3+ 41. Kh1 Qxd3 42. Qe5+ Kh7 (42... Kg8 43. Qe6+ Kh8 44. Qe5+ Kh7 45. Qxh5+ Kg8 46. Qg4+ Kh8 47. Qh5+ Qh7 48. Qxh7+ Kxh7 49. Kg2 $19) 43. Qxh5+ Kg8 $11) 40... Kg8 41. Qe6+ ({White should try} 41. cxb5 $18 Qg4+ 42. Kf2) 41... Kh8 $16 42. Qf5 (42. cxb5 Qg3+ 43. Kh1 Qxd3 44. Qe5+ Kh7 (44... Kg8 45. Qe6+ Kg7 46. Qe5+ Kh7 47. Qxh5+ Bh6 48. Qf7+ Kh8 49. Qe8+ Kg7 50. Qe5+ Kg6 51. Kg2 $15) 45. Qxh5+ Bh6 46. Qf7+ Kh8 47. Qe8+ Kg7 48. Qe5+ Kg6 $15) 42... Qe1+ (42... Qg3+ $16 43. Kf1 Kg7) 43. Kg2 $18 Qd2+ 44. Kh3 Qe3+ 45. Kh4 Qe1+ 46. Kxh5 Qh1+ 47. Kg4 (47. Kg6 $2 Qh6+ 48. Kf7 Qg7+ 49. Ke8 Qe7#) 47... Qg2+ 48. Kf4 Qf2+ 49. Ke4 Qe1+ (49... Qg2+ $16 50. Qf3 (50. Ke5 Qh2+ 51. Ke4 Qg2+ 52. Qf3 Qxf3+ 53. Kxf3 bxc4 $16) 50... Qxf3+ 51. Kxf3 bxc4) 50. Kf3 $18 Qd1+ 51. Kf2 Qd2+ {[%emt 0:00:23] [#]} 52. Be2 $1 Bh6 53. Qe5+ Kg8 54. Qb8+ Kh7 (54... Bf8 $142 55. cxb5 (55. Qxa7 Qf4+ 56. Ke1 Qc1+ 57. Kf2 Qf4+ 58. Bf3 Qd2+ 59. Kf1 Qc1+ 60. Kf2 Qxb2+ 61. Be2 Qxc3 $11) 55... Qxb2) 55. Qxa7+ $18 Bg7 56. Qxc5 (56. cxb5 Qf4+ 57. Ke1 Qc1+ 58. Bd1 Qxb2 (58... Qe3+ $2 59. Kf1 $16) 59. Qxc5 Bxc3+ 60. Kf1 Qc1 $18) 56... Qf4+ 57. Kg2 $2 (57. Ke1 $18 {Threatens to win with Bd3+.} Qc1+ 58. Bd1) 57... Qg5+ $11 58. Kf1 $2 (58. Kf3 $11 Qf5+ 59. Kg2 Qg6+ 60. Kf2 Qf5+ 61. Ke1 (61. Bf3 Qc2+ 62. Ke1 Qb1+ 63. Kf2 Qxb2+ 64. Kg3 Qxc3 $11) 61... Qb1+ 62. Bd1 (62. Kf2 Qf5+ 63. Ke1 Qb1+ 64. Bd1 Qe4+ 65. Kf2 Qb1 $16)) 58... Qc1+ $18 59. Kf2 Qf4+ 60. Ke1 Qc1+ 61. Bd1 Qxb2 62. cxb5 ({Weaker is} 62. Qxb5 Qxc3+ 63. Kf1 Qf6+ 64. Ke2 Qe5+ 65. Kf2 Qh2+ 66. Kf1 (66. Ke3 Qg1+ 67. Ke2 Qg2+ 68. Ke3 Qg5+ 69. Kd3 Qg3+ 70. Kc2 Qc3+ 71. Kb1 Qa1+ 72. Kc2 Qc3+ 73. Kb1 Qa1+ 74. Kc2 Qc3+ $11) 66... Qf4+ 67. Ke2 Qe5+ 68. Kd2 Qd4+ 69. Ke1 Qh4+ 70. Kd2 Qd4+ 71. Ke2 Qe4+ 72. Kf2 (72. Kd2 Bh6+ 73. Kc3 Qe1+ 74. Kb2 Qxd1 $11) 72... Bd4+ 73. Kg3 Be5+ 74. Kf2 Qd4+ 75. Ke2 Qe4+ 76. Kf1 (76. Kd2 Qd4+ 77. Ke2 Qe4+ 78. Kd2 Qd4+ 79. Ke2 $11) 76... Qf4+ 77. Ke2 Qe4+ 78. Kd2 Qd4+ 79. Kc2 Qc3+ 80. Kb1 Qa1+ 81. Kc2 Qc3+ 82. Kb1 Qa1+ 83. Kc2 Qc3+ $11) 62... Bxc3+ 63. Kf1 Qd2 64. Qe7+ Kg8 65. Qe6+ Kg7 66. Qg4+ Kh8 (66... Kf6 67. b6 Qd3+ 68. Be2 Qxd5) 67. Qf3 Qe1+ (67... Ba5 {was called for.} 68. Qf8+ Kh7 69. Qf7+ Kh6 70. Qf6+ Kh7) 68. Kg2 $18 Be5 $2 (68... Qd2+ $18 69. Be2 Qg5+ 70. Kh3 Qh6+ 71. Qh5 Qxh5+ 72. Bxh5 Kg7) 69. Qf8+ Kh7 70. Bc2+ 1-0

[Event "98th Caplin Hastings Masters 2024-25"]
[Site "Hastings"]
[Date "2025.01.02"]
[Round "8.14"]
[White "Lucas, Arthur"]
[Black "Kolka, David"]
[Result "1-0"]
[ECO "B12"]
[WhiteElo "2335"]
[BlackElo "2020"]
[Annotator "TA"]
[PlyCount "85"]
[EventDate "2024.12.23"]
[EventType "swiss"]
[EventCountry "ENG"]
[SourceTitle "playchess.com"]
[Source "ChessBase"]
[SourceQuality "1"]
[TimeControl "5400+30"]

1. e4 c6 2. d4 d5 3. e5 Bf5 4. h4 h5 5. Bg5 Qb6 6. Bd3 Bxd3 7. Qxd3 e6 (7... Qxb2 $17 8. Qb3 Qxb3 (8... Qxa1 $2 9. Qxb7 Kd8 10. Rh3 $18) 9. axb3 e6) 8. Nd2 $11 {[%emt 0:05:14] Active counter play!} Ne7 9. Ne2 Nf5 10. O-O Nd7 11. c4 Qa6 12. b3 ({White should play} 12. Ng3 $16 dxc4 13. Nxc4) 12... Be7 13. Bxe7 Nxe7 14. Nf3 Nf5 (14... c5 $14) 15. Ng3 $16 g6 16. Rfc1 Rd8 (16... dxc4 $142 17. bxc4 Nxg3) 17. Nxf5 gxf5 18. Qd2 dxc4 19. bxc4 Nc5 {[%emt 0:03:00] [#]} 20. Qg5 $1 Ne4 21. Qg7 Ke7 {[%emt 0:01:22][%cal Be8e7,Be7d7,Bd7c8,Bc8b8][%mdl 32] and ...Rdg8 should not be overlooked} 22. Ng5 Nxg5 (22... Rdf8 {was necessary.}) 23. Qf6+ $18 (23. Qxg5+ Kd7 24. d5 cxd5 $16) ({Don't do} 23. hxg5 Rhg8 24. Qf6+ Ke8 $18) 23... Kd7 24. hxg5 ({Less strong is} 24. Qxg5 Qa3 $14) 24... Rhf8 {[%emt 0:01:12] [#]} 25. d5 $1 c5 (25... Kc7 26. d6+) 26. Rab1 Kc8 27. Qe7 b6 $2 (27... Kb8 28. Qxc5 Rg8) 28. dxe6 fxe6 29. Qxe6+ Kb8 30. Rd1 Qxa2 31. Qe7 Rxd1+ 32. Rxd1 {[%emt 0:00:03][%mdl 4096] Endgame KQR-KQR} Rc8 33. Qd6+ Rc7 34. Qd3 Qa4 35. e6 {[%emt 0:00:39][%cal Oe6e7] And now e7! would win.} Kb7 36. Re1 Re7 37. Qd5+ Kc7 38. g6 Qe8 39. Qxf5 {[%emt 0:01:25][%cal Of5f6] White threatens Qf6! and mate.} Qh8 40. Rd1 Qg7 41. Qd5 Qf8 42. Qd6+ Kb7 {[%emt 0:00:34] [#]} 43. Qxe7+ $3 1-0

[Event "98th Caplin Hastings Masters 2024-25"]
[Site "Hastings"]
[Date "2025.01.02"]
[Round "8.15"]
[White "Samarasinghe Jude, Ranga"]
[Black "Badacsonyi, Stanley"]
[Result "0-1"]
[ECO "C45"]
[WhiteElo "1944"]
[BlackElo "2266"]
[Annotator "NA RC"]
[PlyCount "60"]
[EventDate "2024.12.23"]
[EventType "swiss"]
[EventCountry "ENG"]
[SourceTitle "playchess.com"]
[Source "ChessBase"]
[SourceQuality "1"]
[TimeControl "5400+30"]

1. e4 e5 2. Nf3 Nc6 3. d4 exd4 4. Nxd4 Bc5 5. Nb3 Bb6 6. c4 d6 7. Nc3 Nge7 8. Qh5 O-O 9. c5 dxc5 10. Be3 Nb4 11. Rc1 Nec6 12. Bxc5 Re8 13. Bxb6 axb6 14. a3 Nd3+ 15. Bxd3 Qxd3 16. Qd1 Ne5 17. Rc2 Qa6 18. Nc1 Be6 19. f3 Nc4 20. Qe2 Qa5 21. Nb3 Qe5 22. Nd2 Nxb2 23. f4 Qc5 24. e5 Na4 25. Nde4 Qd4 26. Nb5 Qa1+ 27. Qd1 Qxd1+ 28. Kxd1 Bb3 29. Nxc7 Bxc2+ 30. Kxc2 Rec8 0-1

[Event "98th Caplin Hastings Masters 2024-25"]
[Site "Hastings"]
[Date "2025.01.02"]
[Round "8.16"]
[White "Li, Jack"]
[Black "Zhang, Junyi"]
[Result "1/2-1/2"]
[ECO "B45"]
[WhiteElo "1717"]
[BlackElo "2070"]
[Annotator "NA RC"]
[PlyCount "62"]
[EventDate "2024.12.23"]
[EventType "swiss"]
[EventCountry "ENG"]
[SourceTitle "playchess.com"]
[Source "ChessBase"]
[SourceQuality "1"]
[TimeControl "5400+30"]

1. e4 c5 2. Nf3 e6 3. d4 cxd4 4. Nxd4 Nf6 5. Nc3 Nc6 6. Ndb5 Bb4 7. a3 Bxc3+ 8. Nxc3 d5 9. exd5 exd5 10. Bd3 O-O 11. O-O Bg4 12. f3 Bh5 13. Bg5 Qb6+ 14. Rf2 Ne4 15. Nxe4 dxe4 16. Bxe4 Qxb2 17. Rb1 Qxa3 18. Rxb7 Qa6 19. Rd7 Rac8 20. Qd5 Bg6 21. h4 Qa1+ 22. Rf1 Qe5 23. c4 a5 24. Rb7 a4 25. Rf2 Qa1+ 26. Rb1 Qe5 27. Ra2 Bxe4 28. fxe4 h6 29. Qxe5 Nxe5 30. Bf4 Nxc4 31. Rxa4 Rfe8 1/2-1/2

[Event "98th Caplin Hastings Masters 2024-25"]
[Site "Hastings"]
[Date "2025.01.02"]
[Round "8.17"]
[White "Adams, Henry"]
[Black "Golding, James"]
[Result "1/2-1/2"]
[ECO "E05"]
[WhiteElo "1991"]
[BlackElo "2203"]
[Annotator "RC"]
[PlyCount "139"]
[EventDate "2024.12.23"]
[EventType "swiss"]
[EventCountry "ENG"]
[SourceTitle "playchess.com"]
[Source "ChessBase"]
[SourceQuality "1"]
[TimeControl "5400+30"]

1. d4 d5 2. Nf3 Nf6 3. g3 e6 4. Bg2 Be7 5. O-O O-O 6. c4 dxc4 7. Qc2 a6 8. a4 Bd7 9. Qxc4 Bc6 10. Bg5 Bd5 11. Qc2 Be4 12. Qc1 Nc6 13. Nbd2 Bg6 14. e3 Rb8 15. Nc4 Be4 16. Rd1 Nb4 17. Qc3 Nfd5 18. Bxe7 Qxe7 19. Qd2 Rbc8 20. Ne1 Bxg2 21. Kxg2 c5 22. e4 Nf6 23. e5 Nfd5 24. Nd6 Rc6 25. dxc5 Rxc5 26. Rac1 Rxc1 27. Rxc1 Nc6 28. Nc4 Rd8 29. Nf3 Nb6 30. Qc2 Nxc4 31. Qxc4 h6 32. h4 Rd5 33. Rc3 Qd7 34. b4 Qd8 35. b5 axb5 36. axb5 Nxe5 37. Nxe5 Rxe5 38. Qc8 Qxc8 39. Rxc8+ Kh7 40. Rc7 Rxb5 41. Rxf7 Kg6 42. Rc7 Rb3 43. g4 e5 44. f3 Kf6 45. Kf2 g5 46. h5 e4 47. fxe4 Ke5 48. Rh7 Kxe4 49. Rxh6 Kf4 50. Rg6 Rb2+ 51. Kg1 Kg3 52. Rf6 Rg2+ 53. Kf1 Rh2 54. Kg1 Rg2+ 55. Kf1 Rc2 56. Rb6 Rc1+ 57. Ke2 Rc4 58. Rxb7 Rxg4 59. Kf1 Kh2 60. Rg7 Rf4+ 61. Ke2 g4 62. h6 g3 63. h7 Rh4 64. Kf3 Rh3 65. Kf4 g2 66. Kf5 Rh6 67. Kg5 Rh3 68. Kf6 Kg1 69. Rxg2+ Kxg2 70. Kg7 1/2-1/2

[Event "98th Caplin Hastings Masters 2024-25"]
[Site "Hastings"]
[Date "2025.01.02"]
[Round "8.18"]
[White "Briem, Benedikt"]
[Black "Ahn, Sungmin"]
[Result "1-0"]
[ECO "A62"]
[WhiteElo "2132"]
[BlackElo "1926"]
[Annotator "NA RC"]
[PlyCount "79"]
[EventDate "2024.12.23"]
[EventType "swiss"]
[EventCountry "ENG"]
[SourceTitle "playchess.com"]
[Source "ChessBase"]
[SourceQuality "1"]
[TimeControl "5400+30"]

1. d4 Nf6 2. c4 e6 3. g3 c5 4. d5 exd5 5. cxd5 g6 6. Bg2 d6 7. Nc3 Bg7 8. Nf3 O-O 9. O-O Re8 10. Bf4 h6 11. Qc1 g5 12. Bd2 Bf5 13. h4 g4 14. Nh2 Kh7 15. Re1 Nbd7 16. e4 Bg6 17. Qd1 Ne5 18. Bf4 Qd7 19. a4 c4 20. Bxe5 Rxe5 21. Nf1 Rc8 22. Nd2 a6 23. a5 Rc5 24. Ra4 Nxd5 25. Nxc4 Nxc3 26. bxc3 Re7 27. Nb6 Qe6 28. c4 Bc3 29. Re3 Bxa5 30. Nd5 Re8 31. Qb3 Rb8 32. Nf4 Qf6 33. Nd3 Rh5 34. e5 Qd8 35. exd6 Qxd6 36. c5 Qc7 37. Be4 f5 38. Bd5 b6 39. c6 Rf8 40. Qa3 1-0

[Event "98th Caplin Hastings Masters 2024-25"]
[Site "Hastings"]
[Date "2025.01.02"]
[Round "8.19"]
[White "Kolani, Arjun"]
[Black "Sasikumar, Srivathsan"]
[Result "1-0"]
[ECO "B36"]
[WhiteElo "2131"]
[BlackElo "1904"]
[Annotator "NA RC"]
[PlyCount "107"]
[EventDate "2024.12.23"]
[EventType "swiss"]
[EventCountry "ENG"]
[SourceTitle "playchess.com"]
[Source "ChessBase"]
[SourceQuality "1"]
[TimeControl "5400+30"]

1. e4 c5 2. Nf3 Nc6 3. d4 cxd4 4. Nxd4 g6 5. c4 Nf6 6. Nc3 d6 7. f3 Nxd4 8. Qxd4 Bg7 9. Be3 O-O 10. Qd2 Be6 11. Rc1 a6 12. b3 Rc8 13. Be2 Qa5 14. O-O Rfe8 15. Rc2 Bd7 16. Rfc1 h5 17. Rb1 Qc7 18. Rcc1 b6 19. Bf1 Qb7 20. a4 Be6 21. Ne2 Red8 22. a5 bxa5 23. Qxa5 Nd7 24. Nd4 Ne5 25. Nxe6 fxe6 26. c5 Ra8 27. cxd6 Rxd6 28. Qc7 Rd7 29. Qxb7 Rxb7 30. f4 Ng4 31. Bc5 Rc7 32. e5 Bh6 33. g3 Nxe5 34. Ba3 Rxc1 35. Rxc1 Nf3+ 36. Kg2 Nd2 37. Bxe7 Nxb3 38. Rc7 Bg7 39. Bc4 Nd4 40. Bc5 Nf5 41. Bxe6+ Kh8 42. Bf7 Nd4 43. Rd7 Nb5 44. Bxg6 a5 45. Bd3 Nc3 46. f5 a4 47. Ba3 Rb8 48. Be7 Rb2+ 49. Kf3 Nd1 50. Rd8+ Kh7 51. f6+ Kh6 52. fxg7 Kxg7 53. h4 Rf2+ 54. Ke4 1-0

[Event "98th Caplin Hastings Masters 2024-25"]
[Site "Hastings"]
[Date "2025.01.02"]
[Round "8.20"]
[White "Marusenko, Petr"]
[Black "Golding, Alex"]
[Result "0-1"]
[ECO "E25"]
[WhiteElo "2021"]
[BlackElo "2405"]
[Annotator "TA"]
[PlyCount "82"]
[EventDate "2024.12.23"]
[EventType "swiss"]
[EventCountry "ENG"]
[SourceTitle "playchess.com"]
[Source "ChessBase"]
[SourceQuality "1"]
[TimeControl "5400+30"]

1. d4 Nf6 2. c4 e6 3. Nc3 Bb4 4. f3 d5 5. a3 Bxc3+ 6. bxc3 c5 7. cxd5 exd5 8. e3 Bf5 9. Ne2 Nc6 10. Ng3 Bg6 11. Bd3 Qa5 12. Bxg6 (12. Ne2 {keeps more tension.} cxd4 13. exd4 Nxd4 14. Bxg6 Nxe2 15. Qxe2+ Kf8 16. O-O) 12... hxg6 13. Bd2 Qa6 14. Qe2 Qxe2+ 15. Kxe2 O-O-O 16. Rab1 a6 17. Kf2 Na5 18. a4 Nc4 19. Bc1 $1 Rd6 $36 {[%emt 0:01:58][%mdl 2048] Black is more active.} 20. h3 Rb6 21. Rxb6 ({White should play} 21. Ra1 $15) 21... Nxb6 $17 {[%emt 0:00:04] A dynamic duo of knights.} 22. e4 (22. a5 $142 Nc4 23. dxc5) 22... Nxa4 23. Bg5 c4 24. exd5 $2 (24. e5 $17 Ne8 25. Bd2) 24... Nxd5 $19 (24... Nxc3 25. Rc1 Ncxd5 (25... Nfxd5 $2 26. Ne4 $19) 26. Rxc4+ Kd7 27. Ne4 $19) 25. Ne4 Kd7 {[%emt 0:00:56] Prevents Nd6} ({Weaker is} 25... Ndxc3 26. Nd6+ Kb8 27. Nxf7 $19) (25... Naxc3 26. Rc1 Nb5 27. Rxc4+ Kb8 28. Rc5 $19) 26. Ra1 Ndxc3 (26... Naxc3 27. Rc1 Na4 28. Rxc4 $11) 27. Bd2 (27. Nxc3 $142 Nxc3 28. Rc1) 27... Nxe4+ 28. fxe4 {[%emt 0:00:02][%mdl 4096] Endgame KRB-KRN. Black is two pawns up.} b5 29. Bb4 f5 30. Ke3 Rh4 31. exf5 gxf5 32. Bc5 Kc6 33. Ba7 Kb7 34. Bc5 Nxc5 35. dxc5 {[%emt 0:00:04] KR-KR. Black is two pawns up.} c3 {[%emt 0:00:08] ...Rc4 would now be deadly.} 36. c6+ Kxc6 37. Rxa6+ Kc5 38. Kd3 Rc4 {[%emt 0:00:44] ( -> ...c2)} 39. Kc2 Kb4 40. Ra7 Rf4 {[%emt 0:00:07] ( -> ...Rf2+)} 41. Rxg7 Rf2+ 0-1

[Event "98th Caplin Hastings Masters 2024-25"]
[Site "Hastings"]
[Date "2025.01.02"]
[Round "8.21"]
[White "Boswell, Jacob Connor"]
[Black "Verbytski, Oleg"]
[Result "0-1"]
[ECO "B53"]
[WhiteElo "2277"]
[BlackElo "2033"]
[Annotator "TA"]
[PlyCount "64"]
[EventDate "2024.12.23"]
[EventType "swiss"]
[EventCountry "ENG"]
[SourceTitle "playchess.com"]
[Source "ChessBase"]
[SourceQuality "1"]
[TimeControl "5400+30"]

1. e4 c5 2. Nf3 d6 3. d4 cxd4 4. Qxd4 Nc6 5. Bb5 Bd7 6. Bxc6 Bxc6 7. Nc3 Nf6 8. Bg5 e6 9. O-O-O Be7 10. Qd3 Qa5 11. h4 O-O 12. Nd4 $1 Rfd8 13. Kb1 Rac8 14. f4 a6 15. f5 Bd7 16. Nce2 Re8 17. c3 (17. fxe6 {simplifies} fxe6 18. Nc3 Qc7 19. Nf3) 17... b5 18. e5 dxe5 $17 19. Nb3 {[%emt 0:00:43] [#]} (19. Bxf6 $17 Bxf6 20. fxe6 (20. Nb3 $2 Qb6 $19) 20... Rxe6 (20... Bxe6 21. Nxe6 Rxe6 22. Qe4 $17) (20... fxe6 21. Nb3 $17) 21. Nxe6 (21. Nb3 $2 Qb6 $19) 21... Bxe6 22. Nc1) 19... Qb6 $1 $19 (19... e4 $2 20. Qxd7 (20. Nxa5 exd3 21. Rxd3 exf5 $17) 20... Qb6 21. Qd4 $18) 20. Bxf6 (20. Ng3) 20... Bxf6 21. g4 ({Of course not} 21. Qxd7 Rcd8 22. fxe6 Rxe6 $19 (22... Rxd7 $2 23. exd7 Rd8 24. Rd2 $19)) 21... Rcd8 22. Qc2 (22. fxe6 {keeps fighting.} Bxe6 23. Qg3) 22... exf5 23. g5 Bc6 24. Qxf5 Bxh1 25. Rxh1 Be7 26. Qg4 Qe6 27. Qg3 $2 (27. Qxe6 fxe6 28. Ng3) 27... Qd5 28. Qh2 Rd7 29. Rg1 Qe4+ 30. Ka1 Red8 {[%emt 0:00:15] And now ...Rd1+ would win.} 31. Qf2 Rd1+ 32. Nbc1 Qc2 0-1

[Event "98th Caplin Hastings Masters 2024-25"]
[Site "Hastings"]
[Date "2025.01.02"]
[Round "8.22"]
[White "Schimnatkowski, Lukas"]
[Black "Rida, Ruqayyah"]
[Result "0-1"]
[ECO "C49"]
[WhiteElo "2221"]
[BlackElo "2019"]
[Annotator "RC"]
[PlyCount "124"]
[EventDate "2024.12.23"]
[EventType "swiss"]
[EventCountry "ENG"]
[SourceTitle "playchess.com"]
[Source "ChessBase"]
[SourceQuality "1"]
[TimeControl "5400+30"]

1. e4 e5 2. Nc3 Nf6 3. Nf3 Nc6 4. Bb5 Bb4 5. O-O O-O 6. Nd5 Bc5 7. d4 Nxd5 8. dxc5 Nde7 9. b3 Ng6 10. Qd5 a6 11. Bc4 d6 12. cxd6 Be6 13. dxc7 Qxc7 14. Qd3 Rfd8 15. Qe2 Nd4 16. Nxd4 Bxc4 17. Qxc4 Qxc4 18. bxc4 Rxd4 19. c5 Rxe4 20. Rb1 Rc4 21. Be3 f5 22. f3 f4 23. Bf2 Rd8 24. Rfc1 Rd7 25. c3 Ne7 26. Rb4 Rxb4 27. cxb4 Rd2 28. a4 Rb2 29. Be1 Nc6 30. Rd1 Nd4 31. Kf1 Rb3 32. Rc1 Kf7 33. Bc3 Nc6 34. Ke2 Nxb4 35. Kd2 Na2 36. Ra1 Rxc3 37. Rxa2 Rxc5 38. Rb2 b5 39. axb5 axb5 40. Kd3 Ke6 41. g3 g5 42. Ra2 Rc7 43. Ra6+ Kd5 44. Rb6 Kc5 45. Re6 Rd7+ 46. Ke4 b4 47. Rxe5+ Kc4 48. Rxg5 fxg3 49. Rxg3 b3 50. f4 b2 51. Rg1 Rd2 52. h4 Rh2 53. f5 Rxh4+ 54. Ke5 Rh2 55. Rf1 Re2+ 56. Kd6 Rf2 57. Rxf2 b1=Q 58. Rf4+ Kc3 59. Rf3+ Kd4 60. Ke7 Qb7+ 61. Kf8 Qxf3 62. f6 Qxf6+ 0-1

[Event "98th Caplin Hastings Masters 2024-25"]
[Site "Hastings"]
[Date "2025.01.02"]
[Round "8.23"]
[White "Badacsonyi, Frankie"]
[Black "Bhatia, Kanishka"]
[Result "1/2-1/2"]
[ECO "E15"]
[WhiteElo "2218"]
[BlackElo "2018"]
[Annotator "RC"]
[PlyCount "140"]
[EventDate "2024.12.23"]
[EventType "swiss"]
[EventCountry "ENG"]
[SourceTitle "playchess.com"]
[Source "ChessBase"]
[SourceQuality "1"]
[TimeControl "5400+30"]

1. d4 Nf6 2. c4 e6 3. Nf3 b6 4. g3 Ba6 5. b3 Bb4+ 6. Bd2 Be7 7. Nc3 Bb7 8. Bg2 O-O 9. O-O c5 10. d5 exd5 11. Nh4 Re8 12. Nf5 Bf8 13. Ne3 d6 14. Nexd5 Nxd5 15. Bxd5 Bxd5 16. Nxd5 Na6 17. Bf4 Nc7 18. Re1 Ne6 19. Qd3 Qd7 20. Rad1 Rad8 21. Bc1 Nc7 22. e4 Nxd5 23. Qxd5 Re5 24. Qd3 Rde8 25. Bf4 R5e6 26. f3 f5 27. Re2 fxe4 28. Rxe4 Rxe4 29. fxe4 Qe6 30. Re1 h6 31. h4 Be7 32. Qd5 Bf8 33. Qxe6+ Rxe6 34. h5 Be7 35. Kg2 Bf6 36. Kf3 Be5 37. Rd1 Kf7 38. Rh1 Rf6 39. Rh2 Ke6 40. Rh4 Bd4 41. Rh2 Be5 42. Rc2 Rf7 43. Rc1 Rf8 44. Rd1 Bd4 45. Rf1 a6 46. Ke2 Be5 47. Kf3 b5 48. Rc1 Bb2 49. Rc2 Be5 50. Ke3 Bd4+ 51. Kd3 Be5 52. Rf2 Rf7 53. Rf1 b4 54. Ke3 a5 55. Rd1 Bd4+ 56. Kf3 a4 57. Rd3 axb3 58. axb3 Ra7 59. Be3 Be5 60. Bf4 Bd4 61. Be3 Bxe3 62. Kxe3 Ra2 63. Kf4 Rh2 64. Rd5 Rb2 65. e5 dxe5+ 66. Rxe5+ Kd6 67. Rd5+ Kc6 68. Rd3 Rc2 69. Ke4 Re2+ 70. Kf4 Rc2 1/2-1/2

[Event "98th Caplin Hastings Masters 2024-25"]
[Site "Hastings"]
[Date "2025.01.02"]
[Round "8.25"]
[White "Malinovskii, Ilia"]
[Black "Wall, Tim P"]
[Result "1/2-1/2"]
[ECO "B00"]
[WhiteElo "2003"]
[BlackElo "2173"]
[Annotator "RC"]
[PlyCount "107"]
[EventDate "2024.12.23"]
[EventType "swiss"]
[EventCountry "ENG"]
[SourceTitle "playchess.com"]
[Source "ChessBase"]
[SourceQuality "1"]
[TimeControl "5400+30"]

1. e4 Nc6 2. Nc3 Nf6 3. d4 e5 4. dxe5 Nxe5 5. f4 Nc6 6. e5 Ng8 7. Nf3 Nh6 8. Be3 Bb4 9. Qd2 O-O 10. O-O-O d6 11. a3 Ba5 12. Qe1 Re8 13. h3 Bd7 14. g4 dxe5 15. Nxe5 Nxe5 16. fxe5 Rxe5 17. Qd2 Qe7 18. Bf4 Bc6 19. Bxe5 Bxh1 20. Bf4 Bc6 21. b4 Bb6 22. Kb2 a6 23. Bc4 Kh8 24. Re1 Qh4 25. Bxh6 Qxh6 26. Qxh6 gxh6 27. Bxf7 Rd8 28. Kb3 Kg7 29. Bc4 Rd7 30. Re6 Bg2 31. h4 Bd4 32. Ne2 b5 33. Nxd4 Rxd4 34. Be2 Re4 35. Rxe4 Bxe4 36. c4 Bc6 37. cxb5 axb5 38. Kc3 Kf6 39. Kd4 Bd7 40. Kc5 Ke5 41. g5 hxg5 42. hxg5 c6 43. Bd3 Bf5 44. Be2 Be4 45. Bd1 Kf4 46. Kd4 Bg6 47. a4 bxa4 48. Bxa4 Be4 49. b5 cxb5 50. Bxb5 Bg6 51. Be2 Kxg5 52. Ke3 Bf5 53. Kf2 Be4 54. Kg3 1/2-1/2

[Event "98th Caplin Hastings Masters 2024-25"]
[Site "Hastings"]
[Date "2025.01.02"]
[Round "8.26"]
[White "Chandler, Cliff R"]
[Black "Mikalajunas, Kajus"]
[Result "1-0"]
[ECO "B12"]
[WhiteElo "2161"]
[BlackElo "1941"]
[Annotator "RC"]
[PlyCount "131"]
[EventDate "2024.12.23"]
[EventType "swiss"]
[EventCountry "ENG"]
[SourceTitle "playchess.com"]
[Source "ChessBase"]
[SourceQuality "1"]
[TimeControl "5400+30"]

1. e4 c6 2. d4 d5 3. e5 Bf5 4. h4 h5 5. Bd3 Bxd3 6. Qxd3 Qa5+ 7. c3 e6 8. Ne2 Ne7 9. Ng3 Qa6 10. Qxa6 Nxa6 11. Na3 Ng6 12. Bg5 Bxa3 13. bxa3 b5 14. f4 Ne7 15. Bxe7 Kxe7 16. f5 g6 17. f6+ Kd8 18. Ne2 Nb8 19. Kf2 Nd7 20. Rag1 Nb6 21. g4 hxg4 22. Rxg4 Nc4 23. h5 Nxa3 24. Nf4 Kd7 25. Kg2 Nc4 26. Rh3 gxh5 27. Rg7 Rhg8 28. Rhg3 Rgf8 29. Ng6 Nd2 30. Nxf8+ Rxf8 31. Rg8 Ke8 32. Rxf8+ Kxf8 33. Kh3 Ne4 34. Re3 Kg8 35. Kh4 Kh7 36. Kxh5 a5 37. Kg4 Kg6 38. Kf4 Kh7 39. Rh3+ Kg8 40. Rh2 Nxc3 41. Rg2+ Kf8 42. Kg5 Nd1 43. Kh6 Ne3 44. Rg7 Nf5+ 45. Kh7 Ke8 46. Rg8+ Kd7 47. Rf8 Nxd4 48. Rxf7+ Ke8 49. Rc7 Nf3 50. Kg7 Nxe5 51. f7+ Nxf7 52. Rxf7 e5 53. Kf6 e4 54. Rc7 d4 55. Re7+ Kd8 56. Rxe4 c5 57. Re5 Kd7 58. Rxc5 Kd6 59. Rxb5 a4 60. Kf5 Kc6 61. Re5 d3 62. Re3 d2 63. Rd3 Kc5 64. Rxd2 Kc4 65. Ke4 Kc3 66. Ke3 1-0